[Event "FIDE WSTC Open 65 2025"]
[Site "Prague"]
[Date "2025.02.17"]
[Round "1.23"]
[White "Westerinen, Heikki M.J."]
[Black "Lang, Karl"]
[Result "1-0"]
[Annotator "ChessBase"]
[ECO "C10"]
[WhiteElo "2213"]
[BlackElo "1930"]
[PlyCount "45"]
[EventDate "2025.02.17"]
[EventType "team-tourn"]
[EventCountry "CZE"]
[SourceTitle "playchess.com"]
[Source "ChessBase"]
[SourceQuality "1"]
[TimeControl "40/5400+30:1800+30"]

1. e4 e6 2. d4 d5 3. Nd2 dxe4 4. Nxe4 Nd7 5. Bd3 Ngf6 6. Qe2 c5 7. Nf3 Nxe4 8. Qxe4 Qb6 9. O-O Nf6 10. Qh4 cxd4 11. Nxd4 Bd7 12. Nb3 Qb4 13. c4 Be7 14. Qg3 Bc6 15. Bd2 Qd6 16. Bf4 Qb4 17. Be5 Rd8 18. Nd4 Be4 19. Bxe4 Nxe4 20. Qxg7 Rf8 21. Qxh7 Ng5 22. Qc2 Qc5 23. Qa4+ 1-0

[Event "FIDE WSTC Open 65 2025"]
[Site "Prague"]
[Date "2025.02.17"]
[Round "1.24"]
[White "Gangl, Herwig"]
[Black "Joentausta, Hannu"]
[Result "0-1"]
[Annotator "NA"]
[ECO "B21"]
[WhiteElo "1826"]
[BlackElo "2097"]
[PlyCount "94"]
[EventDate "2025.02.17"]
[EventType "team-tourn"]
[EventCountry "CZE"]
[SourceTitle "playchess.com"]
[Source "ChessBase"]
[SourceQuality "1"]
[TimeControl "40/5400+30:1800+30"]

1. e4 c5 2. Be2 Nc6 3. f4 d5 4. d3 e6 5. Nf3 Nf6 6. e5 Nd7 7. c3 Be7 8. Be3 O-O 9. O-O f6 10. d4 a6 11. Bd3 c4 12. Bc2 b5 13. a3 Nb6 14. Nbd2 Bd7 15. Qb1 f5 16. g4 g6 17. g5 Qc7 18. Qe1 a5 19. Qf2 b4 20. Nb1 Rfb8 21. Bc1 Na7 22. h4 Nb5 23. Kg2 Be8 24. Rh1 Bf8 25. Bd1 bxc3 26. bxc3 Na7 27. Ng1 Na4 28. h5 Rb7 29. hxg6 hxg6 30. Bc2 Rab8 31. Ne2 Nb2 32. Qe3 Nd3 33. Nd2 Nxc1 34. Rhxc1 Rb2 35. Bd1 Bc6 36. a4 Qd7 37. Rc2 Nc8 38. Rxb2 Rxb2 39. Nf1 Nb6 40. Qc1 Nxa4 41. Rxa4 Rxe2+ 42. Bxe2 Bxa4 43. Nd2 Qb5 44. Qa1 Bc2 45. Qa2 Bb3 46. Nxb3 cxb3 47. Qb2 Qa4 0-1

[Event "FIDE WSTC Open 65 2025"]
[Site "Prague"]
[Date "2025.02.17"]
[Round "1.25"]
[White "Hewson, Brian W R"]
[Black "Ogaard, Leif"]
[Result "1-0"]
[Annotator "ChessBase"]
[ECO "A07"]
[WhiteElo "2039"]
[BlackElo "2358"]
[PlyCount "71"]
[EventDate "2025.02.17"]
[EventType "team-tourn"]
[EventCountry "CZE"]
[SourceTitle "playchess.com"]
[Source "ChessBase"]
[SourceQuality "1"]
[TimeControl "40/5400+30:1800+30"]

1. Nf3 Nf6 2. g3 d5 3. b3 c5 4. Bb2 Nc6 5. d4 Bg4 6. Nbd2 Qa5 7. Bg2 Bxf3 8. exf3 cxd4 9. O-O e5 10. a3 Bd6 11. f4 exf4 12. Re1+ Kf8 13. Nf3 fxg3 14. hxg3 h5 15. Nxd4 h4 16. Nxc6 bxc6 17. Qf3 Ne4 18. Qg4 Nf6 19. Bxf6 gxf6 20. gxh4 Be5 21. Rad1 Qxa3 22. h5 Qc5 23. Re2 Rd8 24. Qf5 Qd6 25. Rd3 Rb8 26. Rh3 Qa3 27. Rhe3 Qd6 28. Rh3 a5 29. Rh4 Qe6 30. Qxe6 fxe6 31. f4 Rb4 32. c3 Bxc3 33. Rxe6 Rxb3 34. Rxc6 d4 35. Rc8+ Kg7 36. Rg4+ 1-0

[Event "FIDE WSTC Open 65 2025"]
[Site "Prague"]
[Date "2025.02.17"]
[Round "1.26"]
[White "Heim, Sverre"]
[Black "Ashby, Anthony C"]
[Result "1-0"]
[Annotator "ChessBase"]
[ECO "A96"]
[WhiteElo "2312"]
[BlackElo "2049"]
[PlyCount "85"]
[EventDate "2025.02.17"]
[EventType "team-tourn"]
[EventCountry "CZE"]
[SourceTitle "playchess.com"]
[Source "ChessBase"]
[SourceQuality "1"]
[TimeControl "40/5400+30:1800+30"]

1. Nf3 f5 2. g3 Nf6 3. Bg2 e6 4. O-O Be7 5. c4 O-O 6. d4 d6 7. Nc3 Nc6 8. d5 Ne5 9. Nd4 Nxc4 10. dxe6 c5 11. Nxf5 Bxe6 12. Nxe7+ Qxe7 13. b3 Ne5 14. Bg5 h6 15. Nd5 Bxd5 16. Bxd5+ Kh8 17. Bxf6 Rxf6 18. Qd2 Raf8 19. h3 Nc6 20. e3 Qd7 21. Bg2 Ne5 22. f4 Nc6 23. Rad1 Re8 24. Rfe1 Qf7 25. g4 Rd8 26. h4 Qe7 27. g5 Rff8 28. Qc3 Qe6 29. Kh2 Ne7 30. Bh3 Qg6 31. Kg3 Nf5+ 32. Bxf5 Qxf5 33. Qd3 Qe6 34. Qd5 Qd7 35. e4 Qe7 36. e5 dxe5 37. Qxe5 Qxe5 38. fxe5 hxg5 39. hxg5 Kh7 40. Rxd8 Rxd8 41. e6 Kg6 42. Kf4 Re8 43. Ke5 1-0

[Event "FIDE WSTC Open 65 2025"]
[Site "Prague"]
[Date "2025.02.17"]
[Round "1.27"]
[White "Spanton, Tim R"]
[Black "Moen, Ole Christian"]
[Result "1/2-1/2"]
[Annotator "ChessBase"]
[ECO "C68"]
[WhiteElo "1896"]
[BlackElo "2201"]
[PlyCount "112"]
[EventDate "2025.02.17"]
[EventType "team-tourn"]
[EventCountry "CZE"]
[SourceTitle "playchess.com"]
[Source "ChessBase"]
[SourceQuality "1"]
[TimeControl "40/5400+30:1800+30"]

1. e4 e5 2. Nf3 Nc6 3. Bb5 a6 4. Bxc6 dxc6 5. d4 exd4 6. Qxd4 Qxd4 7. Nxd4 Bd6 8. Be3 Ne7 9. Nc3 O-O 10. O-O-O f6 11. h3 c5 12. Nde2 b6 13. Bf4 Be5 14. Bxe5 fxe5 15. f3 Be6 16. Nd5 Bxd5 17. exd5 Rad8 18. c4 Nf5 19. b3 Ne3 20. Rdg1 b5 21. Kd2 Nf5 22. Kc3 b4+ 23. Kc2 Rf6 24. Kc1 c6 25. dxc6 Rxc6 26. Rd1 Rcd6 27. Rxd6 Rxd6 28. Re1 Nh4 29. Ng1 Nxg2 30. Rxe5 Nf4 31. Kc2 Rg6 32. Ne2 Rg2 33. Kd2 Nxh3 34. Ke3 Rg5 35. Rxg5 Nxg5 36. Kf4 Ne6+ 37. Ke5 Kf7 38. Ng3 g6 39. f4 a5 40. f5 gxf5 41. Nxf5 h5 42. Nd6+ Ke7 43. Nf5+ Kd7 44. Kd5 Nf4+ 45. Kxc5 Nd3+ 46. Kb5 Nc1 47. Kxa5 Nxa2 48. Kb5 Kc7 49. Kc5 Kb7 50. Kd6 Nc3 51. c5 Ne4+ 52. Kd5 Nd2 53. Nd6+ Kb8 54. c6 Nxb3 55. Kc4 Kc7 56. Nf5 Kxc6 1/2-1/2

[Event "FIDE WSTC Open 65 2025"]
[Site "Prague"]
[Date "2025.02.17"]
[Round "1.28"]
[White "Bjerke, Richard"]
[Black "Higgie, Charles L"]
[Result "1/2-1/2"]
[Annotator "NA"]
[ECO "E66"]
[WhiteElo "2037"]
[BlackElo "1945"]
[PlyCount "102"]
[EventDate "2025.02.17"]
[EventType "team-tourn"]
[EventCountry "CZE"]
[SourceTitle "playchess.com"]
[Source "ChessBase"]
[SourceQuality "1"]
[TimeControl "40/5400+30:1800+30"]

1. Nf3 Nf6 2. c4 g6 3. Nc3 c5 4. g3 Nc6 5. Bg2 Bg7 6. O-O O-O 7. d4 d6 8. d5 Na5 9. Nd2 Bd7 10. Qc2 a6 11. b3 b5 12. Bb2 Rb8 13. Rab1 Qc7 14. h3 Rb6 15. Ba1 Rfb8 16. e3 R8b7 17. Ne2 Qc8 18. Kh2 Qb8 19. Bc3 b4 20. Ba1 Ra7 21. f4 Nb7 22. e4 a5 23. Rbe1 a4 24. e5 axb3 25. axb3 Bf5 26. Ne4 Nxe4 27. Bxe4 Bxe4 28. Qxe4 Rba6 29. f5 dxe5 30. Ng1 Ra2+ 31. Kh1 gxf5 32. Qxf5 f6 33. Qe6+ Kh8 34. Nf3 Nd6 35. Bxe5 fxe5 36. Nxe5 Qg8 37. Qxg8+ Kxg8 38. Nc6 Rd7 39. Nxe7+ Kh8 40. Nf5 Bf8 41. Re6 Nxf5 42. Rxf5 Bd6 43. g4 Rh2+ 44. Kg1 Rxh3 45. Rff6 Bc7 46. d6 Bd8 47. Rf8+ Kg7 48. Ree8 Bf6 49. Rg8+ Kf7 50. Rgf8+ Kg6 51. Re6 Rf7 1/2-1/2

[Event "FIDE WSTC Open 65 2025"]
[Site "Prague"]
[Date "2025.02.17"]
[Round "1.29"]
[White "Littlewood, Paul E"]
[Black "Holst, Per"]
[Result "1-0"]
[Annotator "ChessBase"]
[ECO "E24"]
[WhiteElo "2309"]
[BlackElo "2037"]
[PlyCount "81"]
[EventDate "2025.02.17"]
[EventType "team-tourn"]
[EventCountry "CZE"]
[SourceTitle "playchess.com"]
[Source "ChessBase"]
[SourceQuality "1"]
[TimeControl "40/5400+30:1800+30"]

1. d4 e6 2. c4 Nf6 3. Nc3 Bb4 4. a3 Bxc3+ 5. bxc3 Nc6 6. f3 b6 7. e4 d6 8. Bd3 Qd7 9. Ne2 Ba6 10. f4 O-O-O 11. O-O Na5 12. e5 Ne8 13. Ng3 f5 14. exf6 Nxf6 15. f5 e5 16. c5 Bxd3 17. Qxd3 exd4 18. cxb6 cxb6 19. cxd4 d5 20. Bf4 Kb7 21. Be5 Nc4 22. Bxf6 gxf6 23. Nh5 Qd6 24. Nf4 Rd7 25. Ne6 Rg8 26. a4 a6 27. Rae1 Qa3 28. Qxa3 Nxa3 29. a5 Rd6 30. Rf3 Nb5 31. Rh3 Rd7 32. axb6 Kxb6 33. Rh6 Rf7 34. Rc1 Rg4 35. h3 Rg3 36. Kh2 Rd3 37. Ng5 Rc7 38. Rxf6+ Kb7 39. Rxc7+ Nxc7 40. Rf7 Kc6 41. Rxh7 1-0

[Event "FIDE WSTC Open 65 2025"]
[Site "Prague"]
[Date "2025.02.17"]
[Round "1.30"]
[White "Jorgensen, Arne Bjorn"]
[Black "Stebbings, Anthony J"]
[Result "1/2-1/2"]
[Annotator "ChessBase"]
[ECO "E14"]
[WhiteElo "1950"]
[BlackElo "2239"]
[PlyCount "65"]
[EventDate "2025.02.17"]
[EventType "team-tourn"]
[EventCountry "CZE"]
[SourceTitle "playchess.com"]
[Source "ChessBase"]
[SourceQuality "1"]
[TimeControl "40/5400+30:1800+30"]

1. d4 Nf6 2. Nf3 e6 3. c4 b6 4. e3 Bb7 5. Be2 d5 6. cxd5 exd5 7. O-O Bd6 8. Nc3 a6 9. a3 Nbd7 10. b4 O-O 11. Bb2 Qe7 12. h3 Ne4 13. Qb3 Ndf6 14. Rad1 Nxc3 15. Bxc3 Ne4 16. Bb2 Rae8 17. Ne5 f6 18. Ng4 c6 19. Bf3 Ng5 20. Be2 Bb8 21. f4 Ne4 22. Bf3 Nd6 23. Rfe1 Kh8 24. Bc1 Bc8 25. Qc3 Qc7 26. Re2 Bf5 27. Nf2 Re7 28. Rde1 Ne4 29. Bxe4 Bxe4 30. Nxe4 Rxe4 31. Rc2 Rc8 32. Bd2 Qd7 33. Rec1 1/2-1/2

[Event "FIDE WSTC Open 65 2025"]
[Site "Prague"]
[Date "2025.02.17"]
[Round "1.31"]
[White "Baker, Chris W"]
[Black "Mortensen, Steen Juul"]
[Result "1-0"]
[Annotator "ChessBase"]
[ECO "E63"]
[WhiteElo "2150"]
[BlackElo "1903"]
[PlyCount "71"]
[EventDate "2025.02.17"]
[EventType "team-tourn"]
[EventCountry "CZE"]
[SourceTitle "playchess.com"]
[Source "ChessBase"]
[SourceQuality "1"]
[TimeControl "40/5400+30:1800+30"]

1. d4 Nf6 2. Nf3 g6 3. c4 Bg7 4. g3 d6 5. Bg2 O-O 6. O-O Nc6 7. Nc3 a6 8. Re1 Rb8 9. Rb1 Na5 10. Nd2 c5 11. e3 Nd7 12. Ne2 Qc7 13. b3 b5 14. cxb5 axb5 15. Qc2 Nc6 16. b4 c4 17. a4 Ba6 18. Nc3 Na7 19. axb5 Nxb5 20. Nd5 Qd8 21. Ra1 Bb7 22. Qxc4 e6 23. Qxb5 Bxd5 24. Qa6 Rb6 25. Qa5 Bxg2 26. Kxg2 d5 27. Nb3 Qb8 28. Bd2 Rb5 29. Qa4 Rb7 30. Na5 Rb5 31. Rec1 e5 32. Nc6 Qb7 33. Qa7 Re8 34. Ra5 Qxa7 35. Rxa7 Nb6 36. Rb7 1-0

[Event "FIDE WSTC Open 65 2025"]
[Site "Prague"]
[Date "2025.02.17"]
[Round "1.32"]
[White "Andersson, Finn"]
[Black "Snape, Ian L"]
[Result "0-1"]
[Annotator "NA"]
[ECO "B48"]
[WhiteElo "1835"]
[BlackElo "2062"]
[PlyCount "72"]
[EventDate "2025.02.17"]
[EventType "team-tourn"]
[EventCountry "CZE"]
[SourceTitle "playchess.com"]
[Source "ChessBase"]
[SourceQuality "1"]
[TimeControl "40/5400+30:1800+30"]

1. e4 c5 2. Ne2 e6 3. d4 cxd4 4. Nxd4 Nc6 5. Nc3 Qc7 6. Be3 a6 7. a3 Nf6 8. Bd3 Nxd4 9. Bxd4 Bc5 10. Bxc5 Qxc5 11. Qe2 d6 12. O-O Bd7 13. Rae1 Bc6 14. e5 Qxe5 15. Qxe5 dxe5 16. Rxe5 O-O 17. Rfe1 Rfd8 18. b4 Rd4 19. f3 Nd7 20. R5e3 Nb6 21. Kf2 Nc4 22. Bxc4 Rxc4 23. R1e2 Rc8 24. Ke1 Bxf3 25. Rxf3 Rxc3 26. Kd1 Kf8 27. Rd2 Ke7 28. Rfd3 Rxd3 29. Rxd3 Rd8 30. Kd2 Rxd3+ 31. cxd3 Kd6 32. d4 Kd5 33. Kd3 b5 34. Ke3 f6 35. Kd3 f5 36. Ke3 Kc4 0-1

[Event "FIDE WSTC Open 65 2025"]
[Site "Prague"]
[Date "2025.02.17"]
[Round "1.33"]
[White "Chubar, Vladimir"]
[Black "Kyas, Juergen"]
[Result "1/2-1/2"]
[Annotator "ChessBase"]
[ECO "D03"]
[WhiteElo "1885"]
[BlackElo "2173"]
[PlyCount "42"]
[EventDate "2025.02.17"]
[EventType "team-tourn"]
[EventCountry "CZE"]
[SourceTitle "playchess.com"]
[Source "ChessBase"]
[SourceQuality "1"]
[TimeControl "40/5400+30:1800+30"]

1. d4 Nf6 2. Nf3 d5 3. Bg5 Ne4 4. Bf4 c5 5. e3 Qb6 6. Qc1 Nc6 7. c3 f6 8. dxc5 Qxc5 9. Nbd2 e5 10. Bg3 Be6 11. Bd3 Nxd2 12. Nxd2 Be7 13. O-O O-O 14. Qb1 f5 15. h3 h6 16. a3 Rac8 17. Rc1 f4 18. exf4 exf4 19. Bh2 Bh4 20. Rf1 Rce8 21. Nf3 Bg3 1/2-1/2

[Event "FIDE WSTC Open 65 2025"]
[Site "Prague"]
[Date "2025.02.17"]
[Round "1.34"]
[White "Schmidt, Bodo"]
[Black "Dovzhenko, Viktor"]
[Result "0-1"]
[Annotator "RC"]
[ECO "A41"]
[WhiteElo "2256"]
[BlackElo "2058"]
[PlyCount "106"]
[EventDate "2025.02.17"]
[EventType "team-tourn"]
[EventCountry "CZE"]
[SourceTitle "playchess.com"]
[Source "ChessBase"]
[SourceQuality "1"]
[TimeControl "40/5400+30:1800+30"]

1. d4 d6 2. Nf3 Bg4 3. c4 c6 4. Nc3 Nd7 5. e4 e5 6. Be3 Be7 7. Be2 Bxf3 8. Bxf3 Bg5 9. Qd2 Bxe3 10. Qxe3 Ne7 11. O-O O-O 12. Bg4 Nf6 13. Bh3 a6 14. dxe5 dxe5 15. Rfd1 Qc7 16. c5 Rad8 17. b4 a5 18. a3 axb4 19. axb4 Rd4 20. Rxd4 exd4 21. Qxd4 Rd8 22. Qe3 Qe5 23. f4 Nfd5 24. Rd1 Re8 25. fxe5 Nxe3 26. Rd7 g5 27. Kf2 Nc4 28. e6 Ne5 29. Rxb7 g4 30. Nd5 cxd5 31. exf7+ Kxf7 32. exd5 gxh3 33. d6 Ke6 34. dxe7 Rxe7 35. Rb6+ Kd5 36. gxh3 Kc4 37. c6 Nd3+ 38. Kg3 Nxb4 39. Rb7 Nxc6 40. Rxe7 Nxe7 41. Kf4 Kd5 42. Kg5 Ng8 43. h4 Ke6 44. h5 Ke5 45. h3 Ke6 46. Kf4 h6 47. Kg4 Ke5 48. Kh4 Nf6 49. Kg3 Nxh5+ 50. Kg4 Nf6+ 51. Kh4 Kf5 52. Kg3 Kg5 53. h4+ Kf5 0-1

[Event "FIDE WSTC Open 65 2025"]
[Site "Prague"]
[Date "2025.02.17"]
[Round "1.34"]
[White "Schmidt, Bodo"]
[Black "Karnaukh, Anatolij"]
[Result "*"]
[Annotator "ChessBase"]
[ECO "A41"]
[WhiteElo "2256"]
[BlackElo "1983"]
[PlyCount "47"]
[EventDate "2025.02.17"]
[EventType "team-tourn"]
[EventCountry "CZE"]
[SourceTitle "playchess.com"]
[Source "ChessBase"]
[SourceQuality "1"]
[TimeControl "40/5400+30:1800+30"]

1. d4 d6 2. Nf3 Bg4 3. c4 c6 4. Nc3 Nd7 5. e4 e5 6. Be3 Be7 7. Be2 Bxf3 8. Bxf3 Bg5 9. Qd2 Bxe3 10. Qxe3 Ne7 11. O-O O-O 12. Bg4 Nf6 13. Bh3 a6 14. dxe5 dxe5 15. Rfd1 Qc7 16. c5 Rad8 17. b4 a5 18. a3 axb4 19. axb4 Rd4 20. Rxd4 exd4 21. Qxd4 Rd8 22. Qe3 Qe5 23. f4 Nfd5 24. Rd1 *

[Event "FIDE WSTC Open 65 2025"]
[Site "Prague"]
[Date "2025.02.17"]
[Round "1.36"]
[White "Okrajek, Alexander"]
[Black "Malienko, Alexander"]
[Result "1-0"]
[Annotator "ChessBase"]
[ECO "A54"]
[WhiteElo "2200"]
[BlackElo "1911"]
[PlyCount "139"]
[EventDate "2025.02.17"]
[EventType "team-tourn"]
[EventCountry "CZE"]
[SourceTitle "playchess.com"]
[Source "ChessBase"]
[SourceQuality "1"]
[TimeControl "40/5400+30:1800+30"]

1. c4 e5 2. g3 Nf6 3. Bg2 Nc6 4. Nc3 Be7 5. Nf3 O-O 6. d4 exd4 7. Nxd4 Nxd4 8. Qxd4 d6 9. O-O c6 10. b3 Ne8 11. Bb2 Qa5 12. Rad1 Qh5 13. e4 Bh3 14. Bxh3 Qxh3 15. Ne2 Bf6 16. Qd2 Bxb2 17. Qxb2 Qe6 18. f3 f5 19. Nf4 Qf7 20. Qd4 g5 21. Ng2 a6 22. Ne3 Ng7 23. Qxd6 Rae8 24. Nxf5 Nxf5 25. exf5 Qxf5 26. Rd2 Re6 27. Qd4 Rfe8 28. Kg2 Rh6 29. g4 Qa5 30. Rff2 Qc7 31. h3 Rhe6 32. Qd7 Qe5 33. Qd4 Qe1 34. Qb2 Re3 35. Rd7 R3e7 36. Qd2 Qe5 37. Qd3 Qe1 38. Qf5 Qe3 39. Rxe7 Rxe7 40. Qf6 Rf7 41. Qd8+ Kg7 42. h4 h6 43. h5 Qe6 44. Qd4+ Kg8 45. Rd2 Re7 46. Qd6 Qxd6 47. Rxd6 Re2+ 48. Kg3 Rxa2 49. Rd8+ Kg7 50. Rd7+ Kg8 51. Rxb7 c5 52. Rc7 Ra5 53. Kf2 Ra2+ 54. Ke3 Rb2 55. Rb7 Rc2 56. Ke4 Rd2 57. Rb6 Rd4+ 58. Ke3 Kh7 59. Rxa6 Rd7 60. Rb6 Re7+ 61. Kd3 Rd7+ 62. Ke4 Rd4+ 63. Ke5 Rf4 64. Rf6 Rd4 65. Rf7+ Kg8 66. Rc7 Rf4 67. Rxc5 Rxf3 68. b4 Rf4 69. b5 Rxg4 70. b6 1-0

[Event "FIDE WSTC Open 65 2025"]
[Site "Prague"]
[Date "2025.02.17"]
[Round "1.37"]
[White "Uddenfeldt, Dan"]
[Black "Vilerte, Tamara"]
[Result "1-0"]
[Annotator "ChessBase"]
[ECO "E08"]
[WhiteElo "2311"]
[BlackElo "1972"]
[PlyCount "87"]
[EventDate "2025.02.17"]
[EventType "team-tourn"]
[EventCountry "CZE"]
[SourceTitle "playchess.com"]
[Source "ChessBase"]
[SourceQuality "1"]
[TimeControl "40/5400+30:1800+30"]

1. Nf3 e6 2. c4 Nf6 3. g3 Be7 4. d4 d5 5. Bg2 O-O 6. Qc2 Ne4 7. O-O Nd7 8. Bf4 c6 9. Nc3 Nxc3 10. Qxc3 dxc4 11. Qxc4 Nb6 12. Qc2 Nd5 13. Bd2 Qb6 14. e4 Nc7 15. Be3 Qa5 16. a3 Qh5 17. Bf4 Qa5 18. b4 Qb6 19. Ne5 Ne8 20. Rfd1 Nf6 21. Rab1 a6 22. a4 Qd8 23. a5 Bd6 24. Nd3 Bxf4 25. Nxf4 Qe7 26. Nd3 Rb8 27. Ne5 Bd7 28. Qc5 Rbe8 29. Nc4 Bc8 30. Nd6 Nd7 31. Nxc8 Qd8 32. Qd6 Qxc8 33. d5 Nb8 34. Bh3 cxd5 35. exd5 Qc4 36. dxe6 fxe6 37. Rbc1 Qe2 38. Rd2 Qe4 39. Bg2 Qf5 40. Bxb7 Qf6 41. Qb6 Qg5 42. Rcd1 Qg4 43. b5 axb5 44. Qxb5 1-0

[Event "FIDE WSTC Open 65 2025"]
[Site "Prague"]
[Date "2025.02.17"]
[Round "1.38"]
[White "Goldmane, Astra"]
[Black "Renman, Nils-Gustaf"]
[Result "1/2-1/2"]
[Annotator "ChessBase"]
[ECO "C07"]
[WhiteElo "1969"]
[BlackElo "2306"]
[PlyCount "110"]
[EventDate "2025.02.17"]
[EventType "team-tourn"]
[EventCountry "CZE"]
[SourceTitle "playchess.com"]
[Source "ChessBase"]
[SourceQuality "1"]
[TimeControl "40/5400+30:1800+30"]

1. e4 e6 2. d4 d5 3. Nd2 Nf6 4. e5 Nfd7 5. Ngf3 c5 6. dxc5 Nc6 7. Bb5 Bxc5 8. Nb3 Be7 9. Bf4 a6 10. Bd3 g5 11. Bg3 g4 12. Nfd4 Ndxe5 13. h3 gxh3 14. Rxh3 Nxd3+ 15. Qxd3 Bf6 16. Nxc6 bxc6 17. O-O-O h6 18. Re1 a5 19. Be5 a4 20. Nc5 Bxe5 21. Rxe5 Qf6 22. Qd4 Rf8 23. Rxd5 Qxd4 24. Rxd4 Rg8 25. Rxh6 Rxg2 26. Rh8+ Ke7 27. Rdd8 Ra5 28. Ne4 Bd7 29. Ra8 Rd5 30. Rag8 Rxg8 31. Rxg8 c5 32. Ra8 f5 33. Nc3 Rd4 34. Ra7 Rf4 35. Nd1 Kd6 36. Kd2 Bc6 37. Ra6 Kc7 38. Ra7+ Kb6 39. Re7 Bd5 40. a3 Kc6 41. Ra7 Rd4+ 42. Kc1 Kb6 43. Rh7 Kc6 44. Nc3 Rf4 45. Rh2 Kd6 46. Nxd5 Kxd5 47. Kd2 Rd4+ 48. Ke2 Re4+ 49. Kd2 f4 50. Rh3 c4 51. b3 axb3 52. cxb3 cxb3 53. Rxb3 Ra4 54. f3 Rb4 55. a4 Rxa4 1/2-1/2

[Event "FIDE WSTC Open 65 2025"]
[Site "Prague"]
[Date "2025.02.17"]
[Round "1.39"]
[White "Wahlbom, Magnus"]
[Black "Ungure, Liga"]
[Result "1-0"]
[Annotator "ChessBase"]
[ECO "B66"]
[WhiteElo "2109"]
[BlackElo "1960"]
[PlyCount "61"]
[EventDate "2025.02.17"]
[EventType "team-tourn"]
[EventCountry "CZE"]
[SourceTitle "playchess.com"]
[Source "ChessBase"]
[SourceQuality "1"]
[TimeControl "40/5400+30:1800+30"]

1. e4 c5 2. Nf3 d6 3. d4 cxd4 4. Nxd4 Nf6 5. Nc3 Nc6 6. Bg5 Bd7 7. Qd2 a6 8. Be2 e6 9. O-O Be7 10. Kh1 Nxd4 11. Qxd4 Qa5 12. f4 h6 13. Bh4 Bc6 14. Bg3 Rd8 15. b4 Qc7 16. a4 O-O 17. b5 axb5 18. axb5 Bd7 19. e5 dxe5 20. fxe5 Ne8 21. Bd3 Qc5 22. Qe4 f5 23. exf6 Nxf6 24. Rxf6 Rxf6 25. Qh7+ Kf7 26. Ne4 Qd4 27. c3 Qd5 28. Nxf6 Bxf6 29. Rf1 Qg5 30. Qe4 Bc8 31. Bh4 1-0

[Event "FIDE WSTC Open 65 2025"]
[Site "Prague"]
[Date "2025.02.17"]
[Round "1.40"]
[White "Rozlapa, Vija"]
[Black "Malmdin, Nils-Ake"]
[Result "1/2-1/2"]
[Annotator "NA"]
[ECO "B35"]
[WhiteElo "1915"]
[BlackElo "2094"]
[PlyCount "42"]
[EventDate "2025.02.17"]
[EventType "team-tourn"]
[EventCountry "CZE"]
[SourceTitle "playchess.com"]
[Source "ChessBase"]
[SourceQuality "1"]
[TimeControl "40/5400+30:1800+30"]

1. e4 c5 2. Nf3 Nc6 3. d4 cxd4 4. Nxd4 g6 5. Nc3 Bg7 6. Be3 Nf6 7. Bc4 O-O 8. f3 Re8 9. Qd2 e6 10. O-O-O d5 11. Bb5 Bd7 12. Bxc6 Bxc6 13. e5 Nd7 14. f4 Nb6 15. b3 Bf8 16. Kb2 a5 17. Qf2 Nd7 18. a4 Rc8 19. h4 Qe7 20. Nb1 Nc5 21. h5 Ne4 1/2-1/2

[Event "FIDE WSTC Open 65 2025"]
[Site "Prague"]
[Date "2025.02.17"]
[Round "1.41"]
[White "Ortoft, Kai"]
[Black "Birnboim, Nathan"]
[Result "0-1"]
[Annotator "ChessBase"]
[ECO "A48"]
[WhiteElo "1985"]
[BlackElo "2313"]
[PlyCount "80"]
[EventDate "2025.02.17"]
[EventType "team-tourn"]
[EventCountry "CZE"]
[SourceTitle "playchess.com"]
[Source "ChessBase"]
[SourceQuality "1"]
[TimeControl "40/5400+30:1800+30"]

1. d4 Nf6 2. Nf3 g6 3. Bf4 Bg7 4. e3 d6 5. h3 Nbd7 6. Bc4 O-O 7. O-O a6 8. a4 b6 9. Nbd2 Bb7 10. c3 Qe8 11. Bh2 e5 12. Qe2 Qe7 13. b4 Ne8 14. b5 a5 15. Ne1 Kh8 16. f4 f5 17. Nef3 exd4 18. exd4 Qxe2 19. Bxe2 Nef6 20. Bc4 Rae8 21. Rae1 Nd5 22. Bxd5 Bxd5 23. Rxe8 Rxe8 24. Re1 Rxe1+ 25. Nxe1 Nf6 26. Kf2 Ne4+ 27. Nxe4 Bxe4 28. g3 Kg8 29. Ke3 Kf7 30. Nd3 h5 31. h4 Bd5 32. Bg1 Bb3 33. Nb2 Ke6 34. c4 d5 35. cxd5+ Kxd5 36. Kd3 Ba2 37. Kc3 Ke4 38. Nc4 Kf3 39. Ne5+ Bxe5 40. fxe5 Kxg3 0-1

[Event "FIDE WSTC Open 65 2025"]
[Site "Prague"]
[Date "2025.02.17"]
[Round "1.41"]
[White "Lauritzen, Einar"]
[Black "Birnboim, Nathan"]
[Result "*"]
[Annotator "ChessBase"]
[ECO "A48"]
[WhiteElo "1965"]
[BlackElo "2313"]
[PlyCount "58"]
[EventDate "2025.02.17"]
[EventType "team-tourn"]
[EventCountry "CZE"]
[SourceTitle "playchess.com"]
[Source "ChessBase"]
[SourceQuality "1"]
[TimeControl "40/5400+30:1800+30"]

1. d4 Nf6 2. Nf3 g6 3. Bf4 Bg7 4. e3 d6 5. h3 Nbd7 6. Bc4 O-O 7. O-O a6 8. a4 b6 9. Nbd2 Bb7 10. c3 Qe8 11. Bh2 e5 12. Qe2 Qe7 13. b4 Ne8 14. b5 a5 15. Ne1 Kh8 16. f4 f5 17. Nef3 exd4 18. exd4 Qxe2 19. Bxe2 Nef6 20. Bc4 Rae8 21. Rae1 Nd5 22. Bxd5 Bxd5 23. Rxe8 Rxe8 24. Re1 Rxe1+ 25. Nxe1 Nf6 26. Kf2 Ne4+ 27. Nxe4 Bxe4 28. g3 Kg8 29. Ke3 Kf7 *

[Event "FIDE WSTC Open 65 2025"]
[Site "Prague"]
[Date "2025.02.17"]
[Round "1.42"]
[White "Maryasin, Boris"]
[Black "Bjornes, Leif"]
[Result "1-0"]
[Annotator "ChessBase"]
[ECO "B42"]
[WhiteElo "2218"]
[BlackElo "1931"]
[PlyCount "45"]
[EventDate "2025.02.17"]
[EventType "team-tourn"]
[EventCountry "CZE"]
[SourceTitle "playchess.com"]
[Source "ChessBase"]
[SourceQuality "1"]
[TimeControl "40/5400+30:1800+30"]

1. e4 c5 2. Nf3 e6 3. d4 cxd4 4. Nxd4 a6 5. Bd3 Qc7 6. O-O Nf6 7. c4 b6 8. Nc3 Bb7 9. Qe2 d6 10. f4 Nc6 11. Nxc6 Bxc6 12. Nd5 Qb7 13. b3 Be7 14. Nxe7 Qxe7 15. Ba3 Nd7 16. Rad1 Nc5 17. Bc2 e5 18. b4 Ne6 19. b5 Nd4 20. Rxd4 exd4 21. bxc6 O-O 22. e5 Rfe8 23. Qd3 1-0

[Event "FIDE WSTC Open 65 2025"]
[Site "Prague"]
[Date "2025.02.17"]
[Round "1.43"]
[White "Bjornes, Leif"]
[Black "Lederman, Leon"]
[Result "1/2-1/2"]
[Annotator "ChessBase"]
[ECO "A56"]
[WhiteElo "1931"]
[BlackElo "2198"]
[PlyCount "84"]
[EventDate "2025.02.17"]
[EventType "team-tourn"]
[EventCountry "CZE"]
[SourceTitle "playchess.com"]
[Source "ChessBase"]
[SourceQuality "1"]
[TimeControl "40/5400+30:1800+30"]

1. d4 Nf6 2. c4 c5 3. d5 e5 4. Nc3 d6 5. e4 Be7 6. Nf3 O-O 7. Be2 Ne8 8. Qc2 Nd7 9. O-O g6 10. Rb1 Ng7 11. Ne1 Bg5 12. Nf3 Bf4 13. g3 Bxc1 14. Qxc1 f5 15. Qg5 Nf6 16. Nd2 Qe7 17. f3 Nxd5 18. Qxe7 Nxe7 19. Nd5 Nc6 20. f4 Be6 21. Rbd1 Nd4 22. Bd3 Bxd5 23. cxd5 b5 24. fxe5 dxe5 25. Nf3 c4 26. Bb1 Nxf3+ 27. Rxf3 Rad8 28. Ra3 Rf7 29. Ra6 Rfd7 30. Kf2 fxe4 31. Bxe4 Nf5 32. Re6 Nd6 33. Ke3 Re8 34. Rf1 Ree7 35. Rff6 Ne8 36. Rxe7 Rxe7 37. Ra6 Kg7 38. h3 Nf6 39. g4 g5 40. Ra5 Rb7 41. d6 Rb6 42. Rxa7+ Kf8 1/2-1/2